 Dungeon Crawl Stone Soup version 0.27.1-34-g3ba077fa99 (webtiles) character file.

Game seed: 15144805967822450532

6 barney the Ruffian (level 1, 0/16 HPs)
             Began as a Draconian Transmuter on Jan 8, 2022.
             Slain by a hobgoblin (2 damage)
             ... on level 1 of the Dungeon.
             The game lasted 00:00:34 (146 turns).

barney the Ruffian (Draconian Transmuter)            Turns: 146, Time: 00:00:34

Health: 0/16       AC:  4    Str: 12    XL:     1   Next: 75%
Magic:  2/3        EV: 12    Int: 13    God:
Gold:   0          SH:  0    Dex: 11    Spells: 3/4 levels left

rFire    . . .     SeeInvis .     - Unarmed
rCold    . . .     Faith    .   (no shield)
rNeg     . . .     Spirit   .   (armour unavailable)
rPois    .         Reflect  .   (helmet currently unavailable)
rElec    .         Harm     .   (no cloak)
rCorr    .         Rampage  .   (no gloves)
Will     .....                  (boots currently unavailable)
Stlth    +.........             (no amulet)
HPRegen  0.05/turn              (no ring)
MPRegen  0.08/turn              (no ring)

@: appendages
A: horns 2, talons 2, AC +4, unfitting armour, cold-blooded
a: End Transformation


You were on level 1 of the Dungeon.
You had temporarily grown beastly horns and talons.
You visited 1 branch of the dungeon, and saw 1 of its levels.

Inventory:

Armour
 a - a +0 pair of boots
Potions
 b - a potion of resistance {unknown}


   Skills:
 - Level 1.1 Fighting
 - Level 1.7 Dodging
 - Level 3.0 Unarmed Combat
 - Level 2.0 Spellcasting
 + Level 2.6 Transmutations


You had 3 spell levels left.
You knew the following spells:

 Your Spells              Type           Power      Damage    Failure   Level
a - Beastly Appendage     Tmut           16%        N/A       9%          1

Your spell library contained the following spells:

 Spells                   Type           Power      Damage    Failure   Level
 Wereblood                Tmut           8%         N/A       13%         2
 Spider Form              Tmut/Pois      2%         N/A       41%         3
 Ice Form                 Ice/Tmut       4%         N/A       83%         4


Dungeon Overview and Level Annotations

Branches:
Dungeon (1/15)

Altars:


Innate Abilities, Weirdness & Mutations

You have temporarily grown beastly horns and talons.
Your plain brown scales are hard. (AC +4)
You cannot fit into any form of body armour.
You are cold-blooded and may be slowed by cold attacks.


Message History

Found 13 gold pieces.
The hobgoblin shouts!
A hobgoblin comes into view.
The hobgoblin shouts!
The endoplasm freezes you.
You are frozen.
The rat barely misses you.
There are monsters nearby!
You barely miss the rat.
The endoplasm hits you but does no damage.
The rat misses you.
There are monsters nearby!
The ball python hisses angrily.
You hit the rat but do no damage. The endoplasm barely misses you.
Casting: Beastly Appendage (safe; 9% risk of failure)
Confirm with . or Enter, or press ? or * to list all spells.
You grow a pair of large bovine horns.
Your feet morph into talons.
The rat barely misses you. The endoplasm misses you.
You hit the rat.
You kill the rat!
The endoplasm freezes you.
You are frozen.
The hobgoblin hits you.
You hit the hobgoblin but do no damage. Your kick misses the hobgoblin.
The hobgoblin barely misses you. The endoplasm freezes you.
You are frozen.
You feel yourself slow down.
You are too injured to fight recklessly!
You are too injured to fight recklessly!
You hit the hobgoblin.
You headbutt the hobgoblin, but do no damage.
The hobgoblin is moderately wounded.
The hobgoblin hits you.
* * * LOW HITPOINT WARNING * * *
The endoplasm hits you but does no damage.
You hit the hobgoblin but do no damage. You headbutt the hobgoblin.
The hobgoblin is almost dead.
You feel yourself speed up. The hobgoblin completely misses you.
The endoplasm closely misses you. The hobgoblin hits you.
You die...

#.#.#
≈≈≈≈≈≈≈.≈≈≈
########.#.#
♣♣.P♣P≈.≈PP
.........#.#
♣♣.♣♣♣≈.≈P♣
#####.....#.#
≈≈≈≈≈≈≈.≈≈≈
#.....).....#
≈≈≈≈≈.....≈
#.###.......#
PP♣P≈.###.≈
+..)....#
.♣♣.≈.#§#.≈
###....####
♣P.♣≈.###.≈
.........g@#
≈≈≈≈≈.....≈
##########J#
≈≈≈≈≈≈≈.≈≈≈
#...Sg#
♣..PP♣≈.≈P♣
#.....#
♣♣P..P≈.≈♣P
#.....#
≈≈≈≈≈≈≈.≈≈≈
#....(..#
#######'###
#........
#.....#
.........
#.....#
......$..
#..<..#


You could see an endoplasm, 2 hobgoblins and a ball python.

Vanquished Creatures
  2 goblins (D:1)
  A quokka (D:1)
  A bat (D:1)
  A frilled lizard (D:1)
  A rat (D:1)
6 creatures vanquished.

Notes
Turn   | Place    | Note
-------+----------+-------------------------------------------
     0 | D:1      | barney the Draconian Transmuter began the quest for the
                  | Orb.
     0 | D:1      | Reached XP level 1. HP: 16/16 MP: 3/3
   146 | D:1      | Slain by a hobgoblin

Illustrated notes

Levels and vault maps discovered:
D:1:      lightli_arrival_farm, layout_basic

Action                   || total
-------------------------++-------
Melee: Unarmed           ||    21
       Headbutt          ||     3
 Cast: Beastly Appendage ||     4
Armor: Skin              ||     7
Dodge: Dodged            ||    20
